 Dungeon Crawl Stone Soup version 0.28-a0-556-gab23d0e057 (webtiles) character file.

Game seed: 11983395301220745513

2 meatgazer the Chopper (level 1, 0/20 HPs)
             Began as a Hill Orc Monk on Sept 28, 2021.
             Slain by a jackal (1 damage)
             ... on level 1 of the Dungeon.
             The game lasted 00:00:15 (51 turns).

meatgazer the Chopper (Hill Orc Monk)                 Turns: 51, Time: 00:00:16

Health: 0/20       AC:  2    Str: 13    XL:     1   Next: 40%
Magic:  1/1        EV: 12    Int: 10    God:
Gold:   0          SH:  0    Dex: 13    Spells: 0/0 levels left

rFire   . . .      SeeInvis .   a - +0 hand axe
rCold   . . .      Faith    .   (no shield)
rNeg    . . .      Spirit   .   b - +0 robe
rPois   .          Reflect  .   (no helmet)
rElec   .          Harm     .   (no cloak)
rCorr   .          Rampage  .   (no gloves)
Will    .....                   (no boots)
Stlth   ++........              (no amulet)
HPRegen 0.06/turn               (no ring)
MPRegen 0.07/turn               (no ring)

@: no status effects
A: no striking features
a: no special abilities


You were on level 1 of the Dungeon.
You visited 1 branch of the dungeon, and saw 1 of its levels.

Inventory:

Hand Weapons
 a - a +0 hand axe (weapon)
Armour
 b - a +0 robe (worn)


   Skills:
 + Level 3.7 Fighting
 + Level 4.1 Axes
 - Level 2.4 Dodging
 - Level 1.5 Stealth


You couldn't memorise any spells.
You didn't know any spells.
Your spell library was empty.

Dungeon Overview and Level Annotations

Branches:
Dungeon (1/15)

Altars:


Message History

The jackal bites you.
You hit the jackal but do no damage. The jackal bites you.
You closely miss the jackal. You miss the kobold.
The kobold hits you but does no damage. The jackal barely misses you.
You hit the jackal.
The jackal is heavily wounded.
You hit the jackal. You hit the kobold. The jackal misses you.
The kobold closely misses you. The jackal barely misses you.
The jackal bites you.
The kobold hits you with a +0 short sword.
The jackal barely misses you.
You hit the kobold.
You kill the kobold!
You closely miss the jackal. x2
The jackal bites you but does no damage.
The jackal misses you. The jackal bites you.
You closely miss the jackal.
The jackal is heavily wounded.
You barely miss the jackal. You hit the jackal. The jackal bites you.
* * * LOW HITPOINT WARNING * * *
The jackal barely misses you. x2; The jackal bites you.
* * * LOW HITPOINT WARNING * * *
The jackal bites you.
* * * LOW HITPOINT WARNING * * *
You barely miss the jackal.
The jackal is heavily wounded.
You closely miss the jackal. You barely miss the jackal.
The jackal closely misses you. The jackal barely misses you.
The jackal misses you. The jackal barely misses you.
You barely miss the jackal.
The jackal is heavily wounded.
You barely miss the jackal. You hit the jackal but do no damage.
The jackal barely misses you. x2; The jackal closely misses you.
The jackal misses you. The jackal bites you.
* * * LOW HITPOINT WARNING * * *
The jackal bites you but does no damage.
You hit the jackal.
You kill the jackal!
You hit the jackal. You closely miss the jackal. The jackal bites you.
You die...

#.#.# ..#.# #.#†# #
#.#.# .# # #.#.#
###### .#.
#.#.########.....
...
#.#..........#####.#
................h†.#
..###.######....@h.#
#.# #.#.........####
############.##.#
.... #.##.# ..8.
#.##.# .... #.##.#
...÷ #.##.# ..8.
#..... .... ####..


You could see 2 jackals.

Vanquished Creatures
  2 jackals (D:1)
  A frilled lizard (D:1)
  A kobold (D:1)
4 creatures vanquished.

Notes
Turn   | Place    | Note
-------+----------+-------------------------------------------
     0 | D:1      | meatgazer the Hill Orc Monk began the quest for the Orb.
     0 | D:1      | Reached XP level 1. HP: 19/19 MP: 1/1
    50 | D:1      | HP: 1/20 [jackal (1)]
    51 | D:1      | Slain by a jackal

Illustrated notes

Levels and vault maps discovered:
D:1:      giann_forest_graveyard, layout_loops_ring, serial_shops,
          nicolae_shop_waterfront, minmay_nonomino_d4

Action                   || total
-------------------------++-------
Melee: Hand axe          ||    15
Armor: Robe              ||     4
Dodge: Dodged            ||    23

Table legend: (Time is in decaauts)
 A = Elapsed time spent in this place.
 B = Non-inter-level travel time spent in this place.
 C = Inter-level travel time spent in this place.
 D = Time resting spent in this place.
 E = Time spent auto-exploring this place.
 F = Levels seen in this place.
 G = Mean time per level.
                   A        B        C        D        E       F      G
               +--------+--------+--------+--------+--------+-----+--------+
         Total |     52 |     52 |      0 |      0 |     31 |   1 |   52.0 |
       Dungeon |     52 |     52 |      0 |      0 |     31 |   1 |   52.0 |
               +--------+--------+--------+--------+--------+-----+--------+

Top non-repeatable levels by time:
     D:1: 52 daAuts
